 Dungeon Crawl Stone Soup version 0.31-a0-198-g2ad674f65e (webtiles) character file.

Game seed: 8978991482036676343

119 qw the Skirmisher (level 4, 0/25 HPs)
             Began as a Deep Elf Hunter on June 25, 2023.
             Succumbed to an adder's poison
             ... on level 3 of the Dungeon.
             The game lasted 00:00:44 (1791 turns).

qw the Skirmisher (Deep Elf Hunter)                 Turns: 1791, Time: 00:00:44

Health: 0/25       AC:  6    Str:  9    XL:     4   Next: 73%
Magic:  6/6        EV:  8    Int: 18    God:
Gold:   209        SH:  5    Dex: 17    Spells: 3/3 levels left

rFire   . . .        Y - +0 shortbow
rCold   . . .        (shield currently unavailable)
rNeg    . . .        j - +0 scale mail
rPois   .            (no helmet)
rElec   .            (no cloak)
rCorr   .            (no gloves)
SInv    .            (no boots)
Will    .....        i - amulet of reflection
Stlth   +            (no ring)
HPRegen 0.24/turn    (no ring)
MPRegen 0.10/turn

%: reflection
@: lethally poisoned (0 -> -3)
A: clever 1, screaming 1
a: no special abilities


You were on level 3 of the Dungeon.
You visited 1 branch of the dungeon, and saw 3 of its levels.

You collected 209 gold pieces.


Innate Abilities, Weirdness & Mutations

Your mind is acute. (Int +4, Str/Dex -1)
You occasionally shout uncontrollably at your foes.


   Skills:
 - Level 1.5 Fighting
 + Level 8.1 Ranged Weapons
 - Level 2.4 Dodging
 - Level 1.2 Stealth


You had 3 spell levels left.
You didn't know any spells.
Your spell library was empty.

Inventory:

Hand Weapons
 Y - a +0 shortbow (weapon)
Armour
 j - a +0 scale mail (worn)
Jewellery
 d - a ring of fire
 e - a ring of willpower
 i - an amulet of reflection (around neck)
 l - a ring of fire
Scrolls
 g - 2 scrolls of identify
Potions
 a - a potion of mutation
 b - a potion of ambrosia {unknown}
 c - a potion of heal wounds {unknown}
 h - 2 potions of curing

Dungeon Overview and Level Annotations

Branches:
Dungeon (3/15)

Altars:

Annotations:
D:1 1 runed translucent door


Message History

The adder bites you.
You are poisoned.
The adder poisons you! You block the orc's attack.
You shoot an arrow.
The arrow hits the orc but does no damage.
The orc is severely wounded.
You feel very sick. The adder bites you but does no damage.
The orc barely misses you. You block the adder's attack.
The orc hits you with a +0 hand axe.
You shoot an arrow. The arrow hits the orc.
You kill the orc!
You feel sick. The adder barely misses you.
The adder bites you but does no damage.
You shoot an arrow. The arrow misses the adder.
You feel sick. The adder bites you.
You are more poisoned.
The adder poisons you!
You shoot an arrow. The arrow closely misses the adder.
You feel sick. The adder bites you. You block the adder's attack.
You shoot an arrow. The arrow misses the adder.
You feel sick. The adder completely misses you. The adder barely misses you.
You shoot an arrow. The arrow hits the adder.
The adder is lightly wounded.
You feel sick. The adder bites you.
You are lethally poisoned!
The adder poisons you! The adder bites you.
You shoot an arrow. The arrow completely misses the adder.
You feel very sick. You block the adder's attack.
You shoot an arrow. The arrow closely misses the adder.
You feel sick. The adder bites you but does no damage.
You block the adder's attack.
You shoot an arrow. The arrow hits the adder.
The adder is moderately wounded.
You feel sick. The adder closely misses you. The adder barely misses you.
You shoot an arrow. The arrow hits the adder.
The adder is almost dead.
You feel sick.
The adder bites you but does no damage. x2
You shoot an arrow. The arrow misses the adder.
You die...

#.# # #. #..# #.# #.# #..# ..
#.# #.# #..# #. #.# #.# ###
#..# ###.# #.# #.# ..# #..#
.... #.# #.# #.# #..#
#.#####.# #.# #.# #..#
#......)#####.# #.# ##..#
#....)....)@S.###.####...#
#....#~##...............##
#..###~~#~#..####.####.##
#..# ~~~~~#..# #.# #.#
#.#~~#~~#~##.# #.# #.#
###.#~~~~~~~~#.####.####.#
#.o.#~~#~~~#~~...........#
####...##~~~~~~##.###########
.....#..~~~~#~~#..#


You could see an adder.

Vanquished Creatures
  An orc wizard (D:3)
  5 adders
  3 dart slugs
  An orc (D:3)
  2 bats
  An endoplasm (D:3)
  2 giant cockroaches
  5 goblins
  5 hobgoblins
  3 ball pythons
  2 frilled lizards
  6 kobolds
  7 rats
43 creatures vanquished.

Notes
Turn   | Place    | Note
-------+----------+-------------------------------------------
     0 | D:1      | qw the Deep Elf Hunter began the quest for the Orb.
     0 | D:1      | Reached XP level 1. HP: 12/12 MP: 3/3
     0 | D:1      | 0 ||| qw: Version: 0.3-a-22-g0ed2b0b
     0 | D:1      | 0 ||| qw: Game counter: 5367
     0 | D:1      | 0 ||| qw: Melee chars always use a shield: true
     0 | D:1      | 0 ||| qw: God list: Okawaru
     0 | D:1      | 0 ||| qw: Allow faded altars: false
     0 | D:1      | 0 ||| qw: Do Orc after clearing Dungeon:15 true
     0 | D:1      | 0 ||| qw: Do second Lair branch before Depths: true
     0 | D:1      | 0 ||| qw: Lair rune preference: random
     0 | D:1      | 0 ||| qw: Goals: Normal
     0 | D:1      | 0 ||| PLANNING D:1-11
     0 | D:1      | Noticed a jelly
     0 | D:1      | Noticed a jelly
     1 | D:1      | Found a runed translucent door.
   282 | D:1      | Reached XP level 2. HP: 16/16 MP: 4/4
   338 | D:1      | Found a faded altar of an unknown god.
   346 | D:1      | Reached skill level 6 in Ranged Weapons
   821 | D:1      | 821 ||| UPGRADING to +0 scale mail.
   831 | D:1      | 831 ||| DROPPING +0 leather armour.
   832 | D:1      | 832 ||| UPGRADING to amulet of reflection.
   837 | D:1      | 837 ||| READING scroll labelled QUGGIE MUOCESI.
   838 | D:1      | 838 ||| READING 5 scrolls labelled RUORAE WOIMP.
   839 | D:1      | 839 ||| READING scroll labelled OMOLINO GYZAH.
   840 | D:1      | 840 ||| READING scroll labelled UFARIC CIGRA.
   841 | D:1      | 841 ||| READING 4 scrolls of identify.
   841 | D:1      | 841 ||| IDENTIFYING coppery potion
   842 | D:1      | 842 ||| READING 3 scrolls of identify.
   842 | D:1      | 842 ||| IDENTIFYING red potion
   843 | D:1      | 843 ||| DROPPING scroll of butterflies.
   844 | D:1      | 844 ||| DROPPING potion of magic.
   854 | D:2      | 854 ||| STAIRDANCE
   903 | D:2      | Reached XP level 3. HP: 20/20 MP: 5/5
  1152 | D:2      | Reached skill level 7 in Ranged Weapons
  1217 | D:2      | 1217 ||| FLEEEEING.
  1218 | D:2      | 1218 ||| FLEEEEING.
  1219 | D:2      | 1219 ||| FLEEEEING.
  1220 | D:2      | 1220 ||| FLEEEEING.
  1224 | D:2      | 1224 ||| FLEEEEING.
  1271 | D:2      | 1271 ||| DROPPING ring of wizardry.
  1272 | D:2      | 1272 ||| READING scroll labelled CIACOA SOADITA.
  1273 | D:2      | 1273 ||| READING scroll labelled DICOVIO JOFEEV.
  1274 | D:2      | 1274 ||| READING scroll labelled ROCERETRETUD.
  1375 | D:2      | 1375 ||| READING scroll labelled XANIUG VORIHYO.
  1376 | D:2      | 1376 ||| READING scroll labelled CUKLEH OSERERE.
  1377 | D:2      | 1377 ||| DRINKING 2 fuming ruby potions.
  1377 | D:2      | Gained mutation: You occasionally shout uncontrollably at
                  | your foes. [potion of mutation]
  1377 | D:2      | Gained mutation: Your mind is acute. (Int +4, Str/Dex -1)
                  | [potion of mutation]
  1423 | D:3      | 1423 ||| FLEEEEING.
  1426 | D:3      | 1426 ||| STAIRDANCE
  1466 | D:3      | Identified the +9 rapier of Imo Agh {freeze, rElec rPois
                  | Dex+3}
  1516 | D:3      | Reached XP level 4. HP: 21/25 MP: 6/6
  1743 | D:3      | 1743 ||| FLEEEEING.
  1748 | D:3      | 1748 ||| FLEEEEING.
  1749 | D:3      | 1749 ||| FLEEEEING.
  1750 | D:3      | 1750 ||| FLEEEEING.
  1751 | D:3      | 1751 ||| FLEEEEING.
  1752 | D:3      | 1752 ||| FLEEEEING.
  1763 | D:3      | 1763 ||| FLEEEEING.
  1773 | D:3      | Reached skill level 8 in Ranged Weapons
  1787 | D:3      | HP: 4/25 [poisoned by an adder]
  1790 | D:3      | HP: 1/25 [poisoned by an adder]
  1791 | D:3      | Succumbed to an adder's poison

Levels and vault maps discovered:
D:1:      dpeg_arrival_caged_fury, layout_basic,
          hellmonk_ecumenical_altar_lost_god
D:2:      layout_rooms, st_stairs_12
D:3:      layout_loops_ring, marbit_many_paths, minivault_4, grunt_ministairs_2,
          minmay_goblin_kobold_house

Skill      XL: |  1  2  3  4 |
---------------+-------------+-----
Ranged Weapons | 6 7 8 |  8.1
Fighting       | |  1.5
Dodging        | |  2.4
Stealth        | |  1.2

Action                     |  1- 3 |  4- 6 || total
---------------------------+-------+-------++-------
   Fire: Shortbow          |    80 |    40 ||   120
    Use: Scroll            |    11 |       ||    11
         Potion            |     1 |       ||     1
 Armour: Scale mail        |    12 |     8 ||    20
  Dodge: Dodged            |    11 |    10 ||    21
  Block: Other             |     9 |     6 ||    15

Table legend:
 A = Non-vault XP
 B = Vault XP
 C = Vault XP percentage of total XP
 D = Non-vault monster count
 E = Vault monster count
 F = Vault count percentage of total count
                 A         B        C        D         E       F
            +---------+---------+-------+---------+---------+-------
      Total |     165 |       5 |   2.9 |      40 |       3 |   7.0
            +---------+---------+-------+---------+---------+-------
        D:1 |      25 |       0 |   0.0 |      14 |       0 |   0.0
        D:2 |      43 |       3 |   6.5 |      12 |       2 |  14.3
        D:3 |      97 |       2 |   2.0 |      14 |       1 |   6.7
            +---------+---------+-------+---------+---------+-------
